 Dungeon Crawl Stone Soup version 0.18.1-48-g4cf74bf (webtiles) character file.

693 gloryseeker the Caller (level 7, -3/46 HPs)
             Began as a Mummy Summoner on Aug 28, 2016.
             Was a Follower of Sif Muna.
             Shot with an arrow by a centaur (6 damage)
             ... on level 5 of the Dungeon.
             The game lasted 00:36:13 (8294 turns).

gloryseeker the Caller (Mummy Summoner)             Turns: 8294, Time: 00:36:14

Health: -3/46      AC:  2    Str: 14    XL:     7   Next: 37%
Magic:  8/12       EV: 12    Int: 23    God:    Sif Muna [*.....]
Gold:   221        SH:  0    Dex: 12    Spells: 4 memorised, 2 levels left

rFire  x . .     SeeInvis .     m - +7 mace of Jofras {venom, *Corrode +Rage rPois Str+3}
rCold  + . .     Gourm    .     a - +0 robe
rNeg   + + +     Faith    .     (no shield)
rPois  ∞         Spirit   .     (no helmet)
rElec  .         Dismiss  .     (no cloak)
rCorr  .         Reflect  .     (no gloves)
SustAt .         Harm     .     (no boots)
MR     .....                    (no amulet)
Stlth  ++........               (no ring)
                                g - +6 ring of intelligence

@: not resistant to hostile enchantments, unstealthy
A: no food or potions, fire vulnerability, cold resistance 1, negative energy
resistance 3, torment resistance, unbreathing
a: Channel Energy, Renounce Religion


You were on level 5 of the Dungeon.
You worshipped Sif Muna.
Sif Muna was aware of your devotion.
You were not hungry.

You visited 2 branches of the dungeon, and saw 6 of its levels.

You collected 221 gold pieces.

Inventory:

Hand Weapons
 m - the +7 mace of Jofras (weapon) {venom, *Corrode +Rage rPois Str+3}
   (You found it on level 4 of the Dungeon)

   It poisons the flesh of those it strikes.
   It affects your strength (+3).
   It protects you from poison.
   It lets you go berserk.
   It may corrode you when you take damage.
 p - a +4 flail of protection
Armour
 a - a +0 robe (worn)
Jewellery
 g - a +6 ring of intelligence (left hand)
Wands
 k - a wand of lightning (12/15)
Scrolls
 c - a scroll of recharging {unknown}
 e - 2 scrolls of remove curse
 f - a scroll of teleportation
 h - a scroll of amnesia {unknown}
 i - a scroll of blinking {unknown}
 j - 2 scrolls of enchant armour {unknown}
 l - a scroll of immolation {unknown}
 n - a scroll of identify {unknown}
 o - a scroll of fog {unknown}
Books
 b - a book of Callings

   Spells                             Type                      Level
   a - Summon Small Mammal            Summoning                    1
   b - Call Imp                       Summoning                    2
   c - Call Canine Familiar           Summoning                    3
   d - Summon Guardian Golem          Hexes/Summoning              3
   e - Summon Lightning Spire         Summoning/Air                4
   f - Summon Ice Beast               Ice/Summoning                4


   Skills:
 - Level 1.5 Dodging
 - Level 1.5 Stealth
 + Level 3.3 Spellcasting
 - Level 7.1 Summonings


You had 2 spell levels left.
You knew the following spells:

 Your Spells              Type           Power        Failure   Level  Hunger
a - Summon Small Mammal   Summ           ####         1%          1    N/A
b - Call Imp              Summ           #####...     1%          2    N/A
c - Call Canine Familiar  Summ           #####...     1%          3    N/A
d - Summon Ice Beast      Ice/Summ       ###.....     30%         4    N/A

Dungeon Overview and Level Annotations

Branches:
Dungeon (5/15)             Temple (1/1) D:4

Altars:
Dithmenos
Makhleb
Okawaru
Pakellas
Ru
Sif Muna
Vehumet
Xom
Yredelemnul
Zin
The Shining One

Annotations:
D:5 Inkary's ghost, novice HOFi


Innate Abilities, Weirdness & Mutations

You do not eat or drink.
Your flesh is vulnerable to fire.
You are immune to poison.
Your flesh is cold resistant.
You are immune to negative energy.
You are immune to unholy pain and torment.
You can survive without breathing.


Message History

Your hound bites the ice beast but does no damage.
Something barely misses your hound.
Casting: Call Canine Familiar
Confirm with . or Enter, or press ? or * to list all spells.
A beastly little devil appears in a puff of flame.
Your crimson imp says, "Let's cause havoc!"
You swap places.
The centaur wields a shortbow.
The centaur shoots an arrow.
The arrow completely misses your hound.
The arrow barely misses your crimson imp.
The arrow hits you!
* * * LOW HITPOINT WARNING * * *
You see here an arrow.
The centaur shoots an arrow.
The arrow hits your hound.
Your hound dies!
Your hound's corpse disappears in a puff of smoke!
The centaur shoots an arrow.
The arrow hits your crimson imp!
The centaur shoots an arrow.
The arrow hits your crimson imp.
Your crimson imp dies!
The centaur shoots an arrow.
The arrow hits you.
You die...

### ##### #######.# ....#
#....<..# .#..# #@#######
.#..# ########.# ##).#
#.....##.#
..#h#####.###)##(#
###.........#)##(#
#######.#.#h##.#############
#..#..##c#%..Y.......#
##.###.#.Y....c#####..# #.##
##.....>..# #..#


You could see an ice beast and a centaur.

Vanquished Creatures
  Edmund (D:4)
  An ogre (D:4)
  A crimson imp (D:5)
  A jelly (D:5)
  A centaur skeleton (D:5)
  An iguana (D:5)
  2 worker ants
  A hound skeleton (D:4)
  6 adders
  2 worms
  3 dart slugs (D:1)
  5 giant geckos
  7 orcs
  2 ball pythons (D:4)
  6 bats
  2 giant cockroaches
  8 goblins
  10 hobgoblins
  17 jackals
  10 kobolds
  2 giant gecko skeletons (D:4)
  7 giant newts
  6 rats
102 creatures vanquished.

Vanquished Creatures (collateral kills)
  A phantom (D:4)
  An orc priest (D:5)
  2 orc wizards
  A centaur skeleton (D:4)
  Ijyb (D:3)
  An ooze (D:3)
  3 worms
  5 orcs
  A bat (D:2)
  2 goblins (D:1)
  A hobgoblin (D:1)
  A jackal (D:1)
  A kobold (D:1)
  A giant newt (D:3)
22 creatures vanquished.

Grand Total: 124 creatures vanquished

Notes
Turn   | Place    | Note
--------------------------------------------------------------
     0 | D:1      | gloryseeker the Mummy Summoner began the quest for the Orb.
     0 | D:1      | Reached XP level 1. HP: 13/13 MP: 3/3
   589 | D:1      | Reached XP level 2. HP: 19/19 MP: 5/5
   598 | D:1      | Learned a level 2 spell: Call Imp
   870 | D:1      | Reached skill level 4 in Summonings
  1191 | D:1      | Reached XP level 3. HP: 23/24 MP: 6/6
  1196 | D:1      | Learned a level 3 spell: Call Canine Familiar
  3150 | D:2      | Reached XP level 4. HP: 28/30 MP: 7/7
  3915 | D:3      | Reached skill level 5 in Summonings
  4182 | D:3      | Noticed Ijyb
  4207 | D:3      | Killed Ijyb
  4746 | D:3      | Reached XP level 5. HP: 17/35 MP: 8/8
  5384 | D:4      | Found a staircase to the Ecumenical Temple.
  5394 | Temple   | Entered the Ecumenical Temple
  5447 | Temple   | Became a worshipper of Sif Muna the Loreminder
  5964 | D:4      | Got a crude mace
  6047 | D:2      | Identified the +7 mace of Jofras {venom, *Corrode +Rage rPois Str+3} (You found it on level 4 of the Dungeon)
  6112 | D:4      | Noticed an ogre
  6125 | D:4      | Killed an ogre
  6125 | D:4      | Reached skill level 6 in Summonings
  6125 | D:4      | Reached XP level 6. HP: 41/41 MP: 6/9
  7034 | D:4      | Noticed Edmund
  7072 | D:4      | Killed Edmund
  7072 | D:4      | Reached * piety under Sif Muna
  7072 | D:4      | Reached skill level 7 in Summonings
  7441 | D:5      | Entered Level 5 of the Dungeon
  7447 | D:5      | Noticed Inkary's ghost (novice HOFi)
  7554 | D:5      | Reached XP level 7. HP: 39/46 MP: 10/10
  7681 | D:5      | Learned a level 4 spell: Summon Ice Beast
  7725 | D:5      | Found a glowing golden altar of the Shining One.
  8294 | D:5      | Shot with an arrow by a centaur

Skill      XL: |  1  2  3  4  5  6  7 |
---------------+----------------------+-----
Summonings     | 4 5 6 7 |  7.1
Spellcasting   | 3 |  3.3
Dodging        | |  1.5
Stealth        | |  1.5

Action                   |  1- 3 |  4- 6 |  7- 9 || total
-------------------------+-------+-------+-------++-------
Melee: Unarmed           |    22 |       |       ||    22
       Whip              |   177 |   199 |       ||   376
       Mace              |       |    55 |    20 ||    75
       Flail             |       |     6 |    29 ||    35
 Cast: Summon Small Mamm |     3 |       |       ||     3
       Call Imp          |     6 |       |     1 ||     7
       Call Canine Famil |     2 |    15 |     2 ||    19
  Use: Scroll            |       |     2 |       ||     2
 Stab: Sleeping          |     2 |     3 |       ||     5
       Distracted        |       |     1 |       ||     1
Armor: Robe              |    45 |    46 |    17 ||   108
Dodge: Dodged            |   151 |   144 |    26 ||   321
